 Dungeon Crawl Stone Soup version 0.23-a0-690-g0a1fc62 (console) character file.

8 Duffy the Firebug (level 2, 19/19 HPs)
             Began as a Demonspawn Fire Elementalist on Jan 11, 2019.
             Quit the game on level 1 of the Dungeon.
             The game lasted 00:00:18 (330 turns).

Duffy the Firebug (Demonspawn Fire Elementalist)     Turns: 330, Time: 00:00:19

Health: 19/19      AC:  4    Str:  8    XL:     2   Next: 0%
Magic:  3/5        EV: 12    Int: 16    God:
Gold:   0          SH:  0    Dex: 13    Spells: 4/5 levels left

rFire    . . .     SeeInvis .   b - +0 dagger
rCold    . . .     Gourm    .   (no shield)
rNeg     . . .     Faith    .   a - +0 robe
rPois    .         Spirit   .   (no helmet)
rElec    .         Reflect  .   (no cloak)
rCorr    .         Harm     .   (no gloves)
MR       .....                  (no boots)
Stlth    ++........             (no amulet)
HPRegen  0.06/turn              (no ring)
MPRegen  0.09/turn              (no ring)

@: no status effects
A: slimy green scales 1
a: no special abilities


You were on level 1 of the Dungeon.
You were not hungry.

You visited 1 branch of the dungeon, and saw 1 of its levels.

Inventory:

Hand Weapons
 b - a +0 dagger (weapon)
Armour
 a - a +0 robe (worn)
Scrolls
 e - a scroll of enchant weapon {unknown}
Comestibles
 c - a ration
 d - a chunk of flesh


   Skills:
 - Level 1.7 Dodging
 - Level 1.7 Stealth
 - Level 2.0 Spellcasting
 + Level 2.1 Conjurations
 - Level 2.6 Fire Magic


You had 4 spell levels left.
You knew the following spells:

 Your Spells              Type           Power        Failure   Level  Hunger
h - Flame Tongue          Conj/Fire      #....        8%          1    #......

Your spell library contained the following spells:

 Spells                   Type           Power        Failure   Level  Hunger
 Throw Flame              Conj/Fire      #.....       12%         2    ###....
 Conjure Flame            Conj/Fire      #.......     24%         3    ###....
 Inner Flame              Hex/Fire       #.......     34%         3    ###....
 Sticky Flame             Conj/Fire      #.......     61%         4    #####..
 Fireball                 Conj/Fire      #.........   91%         5    ######.


Dungeon Overview and Level Annotations

Branches:
Dungeon (1/15)

Altars:


Innate Abilities, Weirdness & Mutations

You are partially covered in slimy green scales. (AC +2)


Message History

Found a stone staircase leading down.
Found 25 stones and 19 arrows.
Some of the chunks of flesh in your inventory have rotted away.
There is a stone staircase leading down here.
A frilled lizard comes into view.
A bat comes into view.
A hobgoblin comes into view.
A bat comes into view.
Casting: Flame Tongue (safe; 8% risk of failure)
Confirm with . or Enter, or press ? or * to list all spells.
Aiming: Flame Tongue (safe; 8% risk of failure)
Press: ? - help, Shift-Dir - straight line, f - frilled lizard
Aim: a frilled lizard (resting)
The flame tongue hits the frilled lizard.
You kill the frilled lizard!
You have reached level 2!
Your demonic ancestry asserts itself...
Slimy green scales grow over part of your body.
The bat closely misses you. The bat hits you but does no damage.
Are you sure you want to abandon this character and quit the game? (Confirm with "yes".)

##.###...#.......(....#....#.######
##.###...###....###.####..........#
.#..##...........##.##...###.####.#
.#.........####..#...........####.#
.........### #.....#####.........#
.#.####.########.#### ###...##...
.#...............## #P...P#...
.+...(..########..##### ##.%.##.##
.######## ##@....# #P...P#.. .#
#bb...# ##...##.# .# #.....#
#P...P#.# .# #.g...# ##...##.# .#
#.....# #P...P# ## #.....# ##...##
#.....# #P...P# #.....# ##...##
#.<.#


You could see a hobgoblin and 2 bats.

Vanquished Creatures
  A bat (D:1)
  2 giant cockroaches (D:1)
  A goblin (D:1)
  A frilled lizard (D:1)
  2 kobolds (D:1)
7 creatures vanquished.

Notes
Turn   | Place    | Note
-------+----------+-------------------------------------------
     0 | D:1      | Duffy the Demonspawn Fire Elementalist began the quest for
                  | the Orb.
     0 | D:1      | Reached XP level 1. HP: 13/13 MP: 3/3
   329 | D:1      | Gained mutation: You are partially covered in slimy green
                  | scales. (AC +2) [demonic ancestry]
   329 | D:1      | Reached XP level 2. HP: 19/19 MP: 3/5
   330 | D:1      | Quit the game

Vault maps used:
D:1:      minmay_arrival_plants_in_alcoves, grunt_decor_cap

Skill      XL: |  1 |
---------------+----+-----
Conjurations   | 2 |  2.1
Dodging        | |  1.7
Stealth        | |  1.7
Spellcasting   | |  2.0
Fire Magic     | |  2.6

Action                   || total
-------------------------++-------
 Cast: Flame Tongue      ||     9
Armor: Robe              ||     2
Dodge: Dodged            ||     3

Table legend:
 A = Non-vault XP
 B = Vault XP
 C = Vault XP percentage of total XP
 D = Non-vault monster count
 E = Vault monster count
 F = Vault count percentage of total count
                 A         B        C        D         E       F
            +---------+---------+-------+---------+---------+-------
      Total |      12 |       0 |   0.0 |       7 |       0 |   0.0
            +---------+---------+-------+---------+---------+-------
        D:1 |      12 |       0 |   0.0 |       7 |       0 |   0.0
            +---------+---------+-------+---------+---------+-------
